 Dungeon Crawl Stone Soup version 0.21-a0-88-g13b9641 (webtiles) character file.

345378 4thArraOfDagon the Metallomancer (level 21, 0/136 HPs)
             Began as a Vampire Earth Elementalist on June 26, 2017.
             Was a High Priest of Sif Muna.
             Slain by a storm dragon (9 damage)
             ... on level 5 of the Vaults on June 27, 2017.
             The game lasted 03:03:52 (24302 turns).

4thArraOfDagon the Metallomancer (VpEE)            Turns: 24302, Time: 03:03:53

Health: 0/136      AC: 22    Str: 14    XL:     21   Next: 17%
Magic:  17/57      EV: 15    Int: 29    God:    Sif Muna [*****.]
Gold:   4036       SH:  0    Dex: 23    Spells: 20/54 levels left

rFire    + . .     SeeInvis +   d - staff of power {!a}
rCold    + . .     Gourm    .   (no shield)
rNeg     + . .     Faith    .   m - +1 scale mail of the Cicada {rF+ rN+ Str+7 Int+2}
rPois    +         Spirit   .   C - +3 crown of Dyrovepreva {rElec Int+2 SInv}
rElec    +         Reflect  .   X - +1 cloak of the Hunter {Dex+6}
rCorr    .         Harm     .   a - +2 pair of gloves of the Beekeeper {rElec rC+}
MR       +++..                  r - +2 pair of boots
Stlth    +.........             V - amulet of magic regeneration
HPRegen  1.52/turn              E - ring "Qiwur" {Wiz MR+ Slay+3}
MPRegen  0.60/turn              S - ring of poison resistance

@: regenerating, divine energy
A: fangs 3, see invisible, unbreathing
}: 2/15 runes: decaying, serpentine
a: Stop Divine Energy, Channel Magic, Forget Spell, Renounce Religion


You were on level 5 of the Vaults.
You worshipped Sif Muna.
Sif Muna was extremely pleased with you.
You were full.

You visited 8 branches of the dungeon, and saw 40 of its levels.
You visited the Abyss 1 time.
You also visited: Labyrinth, Ice Cave and Volcano.

You collected 4798 gold pieces.
You spent 762 gold pieces at shops.

Inventory:

Missiles
 b - 261 stones (quivered)
Armour
 a - the +2 pair of gloves of the Beekeeper (worn) {rElec rC+}
   (You found it on level 3 of the Elven Halls)

   It protects you from cold.
   It insulates you from electricity.
 m - the +1 scale mail of the Cicada (worn) {rF+ rN+ Str+7 Int+2}
   (You found it on level 3 of the Elven Halls)

   It affects your strength (+7).
   It affects your intelligence (+2).
   It protects you from fire.
   It protects you from negative energy.
 r - a +2 pair of boots (worn)
 C - the +3 crown of Dyrovepreva (worn) {rElec Int+2 SInv}
   (You found it on level 3 of the Lair of Beasts)

   It affects your intelligence (+2).
   It insulates you from electricity.
   It lets you see invisible.
 X - the +1 cloak of the Hunter (worn) {Dex+6}
   (You found it in a labyrinth)

   It affects your dexterity (+6).
Magical Staves
 d - an uncursed staff of power (weapon) {!a}
 l - an uncursed staff of wizardry {!a}
 s - an uncursed staff of earth
 R - an uncursed staff of energy {!a}
Jewellery
 x - the ring "Goafeam" {*Contam rElec rC+++ MR+ AC+1}
   (You found it in an ice cave)

   [ring of protection]

   It affects your AC (+1).
   It renders you almost immune to cold.
   It insulates you from electricity.
   It affects your resistance to hostile enchantments.
   It causes magical contamination when unequipped.
 D - an uncursed ring of positive energy
 E - the ring "Qiwur" (left hand) {Wiz MR+ Slay+3}
   (You took it off a deep elf mage on level 3 of the Elven Halls)

   [ring of wizardry]

   It improves your spell success rate.
   It affects your accuracy and damage with ranged weapons and melee attacks
   (+3).
   It affects your resistance to hostile enchantments.
 L - an uncursed ring of protection from cold
 Q - the amulet of the Air {Inacc +Fly rElec EV+5 RMsl}
   (You found it in an ice cave)

   [amulet of inaccuracy]

   It reduces the accuracy of all your attacks.
   It affects your evasion (+5).
   It insulates you from electricity.
   It lets you fly.
   It protects you from missiles.
 S - a ring of poison resistance (right hand)
 V - an amulet of magic regeneration (around neck)
 Y - an uncursed ring of fire
Wands
 f - a wand of digging (7/24)
 I - a wand of iceblast (3/15)
 J - a wand of acid (11/15)
Scrolls
 h - 3 scrolls of blinking
 k - 14 scrolls of remove curse
 q - 2 scrolls of immolation
 w - 9 scrolls of recharging
 z - 5 scrolls of teleportation
 F - 5 scrolls of amnesia
 N - 3 scrolls of fear
 O - 5 scrolls of enchant armour
 P - 9 scrolls of identify
 T - 3 scrolls of torment
 U - 3 scrolls of fog
 Z - 3 scrolls of magic mapping
Potions
 c - 3 potions of invisibility
 g - 5 potions of might
 i - a potion of brilliance
 j - 5 potions of haste
 n - 5 potions of magic
 o - 7 potions of flight
 p - 5 potions of agility
 v - 6 potions of mutation
 y - a potion of resistance
 B - 2 potions of ambrosia
 G - 17 potions of blood
 K - 7 potions of curing
 W - 2 potions of cancellation
Books
 u - a book of the Earth

   Spells                             Type                      Level
   a - Leda's Liquefaction            Hexes/Earth                  4
   b - Bolt of Magma                  Conjuration/Fire/Earth       5
   c - Statue Form                    Transmutation/Earth          6
   d - Iron Shot                      Conjuration/Earth            6
   e - Shatter                        Earth                        9
 H - Sif Muna's Volume of Evil and Summoning
   (Sif Muna gifted it to you on level 9 of the Dungeon)

   Spells                             Type                      Level
   a - Pain                           Necromancy                   1
   b - Summon Butterflies             Summoning                    1
   c - Summon Guardian Golem          Hexes/Summoning              3
   d - Call Canine Familiar           Summoning                    3
   e - Summon Forest                  Summoning/Translocation      5
   f - Spellforged Servitor           Conjuration/Summoning        7
   g - Infestation                    Necromancy                   8
   h - Summon Horrible Things         Summoning                    8
Miscellaneous
 e - a phantom mirror
 A - a lamp of fire
 M - a lightning rod (4/4)


   Skills:
 + Level 4.7 Fighting
 - Level 10.1 Armour
 * Level 7.4 Dodging
 - Level 3.0 Stealth
 - Level 17.0 Spellcasting
 - Level 3.4 Conjurations
 - Level 2.2 Charms
 - Level 7.3 Necromancy
 - Level 1.1 Transmutations
 - Level 25.2 Earth Magic
 - Level 10.2 Invocations
 - Level 3.1 Evocations


You had 20 spell levels left.
You knew the following spells:

 Your Spells              Type           Power        Failure   Level  Hunger
a - Sandblast             Erth           ######       0%          1    None
b - Passwall              Tmut/Erth      #######...   1%          2    None
c - Lee's Rapid Deconstr  Erth           ########..   0%          5    None
d - Stone Arrow           Conj/Erth      ######       1%          3    None
e - Shatter               Erth           ########..   9%          9    #######
f - Iron Shot             Conj/Erth      #######...   1%          6    ##.....
g - Blink                 Tloc           N/A          3%          2    None
h - Regeneration          Chrm/Necr      ######....   1%          3    None
i - Sublimation of Blood  Necr           ######....   1%          2    None
j - Apportation           Tloc           ###...       2%          1    None


Dungeon Overview and Level Annotations

Branches:
Dungeon (15/15)            Temple (1/1) D:6            Lair (6/6) D:9
  Swamp (4/4) Lair:4        Snake (4/4) Lair:3        Slime (0/5) Lair:5
    Orc (2/2) D:12            Elf (3/3) Orc:2        Vaults (5/5) D:13
  Crypt (0/3) Vaults:3     Depths (0/5) D:15

Altars:
Ashenzari
Dithmenos
Gozag
Hepliaklqana
Sif Muna
Vehumet
Wu Jian
Zin
The Shining One
Beogh
Jiyva

Shops:
D:5 *:!=?   Orc:2 }!*(   Snake:3 (   Snake:4 (   Vaults:1 (**   Vaults:5 =

Portals:
Abyss: D:12
Trove: Elf:2 (give +4 storm dragon scales)

Annotations:
D:8 Joseph
D:15 Louise
Lair:5 1 runed door
Elf:2 3 runed doors


Innate Abilities, Weirdness & Mutations

Your natural rate of healing is unusually fast.
You have razor-sharp teeth.
You have supernaturally acute eyesight. (SInv)
You can survive without breathing.


Message History

Unknown command.
Unknown command.
Unknown command.
Casting: Shatter
Confirm with . or Enter, or press ? or * to list all spells.
The dungeon rumbles!
You kill the ironheart preserver!
Sif Muna accepts your kill.
The purple very ugly thing is almost dead.
You kill the tengu reaver!
Sif Muna accepts your kill.
The tengu reaver is heavily wounded.
The ironheart preserver is almost dead.
The sphinx is heavily wounded.
The storm dragon is lightly wounded.
Ka-crash!
The battlesphere dissipates.
The storm dragon bites you!
* * * LOW HITPOINT WARNING * * *
The storm dragon claws you!
You die...

*+**+**+#.#...)............***,,*
,,,.....#.[....[D.....(....***,,*
,+**...............(....)..*,,**,
,*.,*)........($...[)......*,,**,
,*.∩#.......[(.$§...)......***,,*
,+......÷.......)..Q.......***,,*
,,.........[)).[.)[...H[.p.,,,**,
**#..........).))..........,,,***
,,.....).:..p..u@).........,,,,,,
,,...).....(...D)..........,,,,,,
**#......(...)(........D...******
..........((.............
......................
.##...................
#...........).......
#...................
##...............


You could see an ironheart preserver, 2 storm dragons, a purple very ugly thing,
a quicksilver dragon, a sphinx and a tengu reaver.

Vanquished Creatures
  Frederick (Vaults:5)
  Nikola (Swamp:4)
  2 tentacled monstrosities
  2 deep elf blademasters (Elf:3)
  3 titans
  2 deep elf master archers (Elf:3)
  2 sphinxes
  2 tentacled starspawn (Abyss:3)
  A shadow dragon (Vaults:5)
  5 thorn hunters (Swamp:4)
  4 tengu reavers
  Roxanne (Snake:3)
  8 vault wardens
  A daeva (D:13)
  9 deep elf sorcerers
  12 nagarajas
  2 fire giants
  2 frost giants (Vaults:5)
  Aizul (Swamp:1)
  5 deep elf elementalists
  2 war gargoyles (Vaults:5)
  A ghoul (Vaults:4)
  7 stone giants
  6 very ugly things
  11 ironheart preservers
  An entropy weaver (Vaults:4)
  3 deep elf demonologists
  Azrael (Snake:3)
  6 deep elf annihilators
  5 deep elf death magi (Elf:3)
  3 ettins
  A fire dragon (Vaults:2)
  A minotaur (Lab)
  8 yaktaur captains
  27 vault guards
  7 deep elf high priests
  9 naga warriors
  8 ogre magi
  A rakshasa (Vaults:1)
  4 ice dragons
  9 hydras
  3 anacondas
  3 centaur warriors
  A death knight (Vaults:4)
  2 deep troll earth magi
  23 two-headed ogres
  A two-headed ogre (shapeshifter) (Vaults:5)
  A tengu warrior (D:15)
  17 dancing weapons
  7 alligators
  A deep troll shaman (Vaults:1)
  Urug (Orc:1)
  3 shock serpents
  An orc high priest (Elf:1)
  A vampire mage (Vaults:3)
  26 deep elf knights
  11 naga sharpshooters
  A hell knight (Volcano)
  A wretched star (Abyss:3)
  2 shadow wraiths
  A sun demon (Abyss:3)
  4 skeletal warriors (Vaults:1)
  Sonja (Lair:3)
  2 unseen horrors
  A spatial maelstrom (Abyss:3)
  10 deep trolls
  A phantasmal warrior (Vaults:5)
  A salamander mystic (Snake:3)
  12 deep elf archers
  4 ironbrand convokers
  3 spriggan druids (Swamp:4)
  8 swamp dragons (Swamp:4)
  2 glowing orange brains
  4 naga ritualists
  Pikel (D:7)
  3 lindwurms (Swamp:4)
  2 necromancers
  4 orc knights
  3 wolf spiders (Vaults:1)
  A frost giant zombie (Vaults:3)
  11 orc sorcerers
  2 mana vipers (shapeshifter)
  8 mana vipers
  63 deep elf magi
  A manticore (D:14)
  6 salamanders
  6 cyclopes
  15 ugly things
  2 rust devils (D:12)
  A stone giant skeleton (Vaults:3)
  A guardian serpent (Snake:4)
  24 black mambas
  8 vault sentinels
  19 naga magi
  A torpor snail (shapeshifter) (D:15)
  4 spiny frogs
  2 ice statues (IceCv)
  An orange demon (D:12)
  3 smoke demons
  A hellion (Abyss:3)
  2 rime drakes (IceCv)
  14 yaktaurs
  A kobold demonologist (D:12)
  A yaktaur (shapeshifter) (Vaults:4)
  4 centaur skeletons
  6 komodo dragons
  4 freezing wraiths
  A tengu conjurer (D:15)
  2 efreet
  An ice devil (Abyss:3)
  4 red devils (Elf:2)
  3 meliai (Lair:6)
  A queen bee (Lair:6)
  8 polar bears
  9 trolls
  3 tyrant leeches
  4 bog bodies (Swamp:3)
  10 hornets
  4 raiju (Abyss:3)
  22 slime creatures
  9 hippogriffs
  Prince Ribbit (Lair:1)
  16 blink frogs
  2 dream sheep (Lair:6)
  An ettin zombie (Vaults:3)
  2 air elementals
  2 shadows
  A centaur simulacrum (D:15)
  16 spriggans
  6 water elementals
  A redback (Lab)
  A tarantella (shapeshifter) (D:15)
  3 vampires (Vaults:3)
  Grum (D:10)
  A hungry ghost (D:13)
  23 yaks
  2 wraiths
  A neqoxec (Abyss:3)
  2 wyverns
  2 fire elementals (Elf:1)
  A hog (shapeshifter) (D:13)
  A small abomination (Abyss:3)
  A steam dragon (D:9)
  3 large abominations (Abyss:3)
  19 vampire mosquitoes
  A soldier ant (D:12)
  A human simulacrum (Vaults:3)
  7 wargs
  2 acid dragons
  7 insubstantial wisps (Swamp:4)
  33 nagas
  17 swamp worms
  6 hell hounds
  Duvessa (D:5)
  2 floating eyes (Elf:1)
  11 water moccasins
  4 black bears
  3 porcupines
  14 orc warriors
  5 sky beasts
  20 ice beasts
  11 swamp drakes
  A black bear (shapeshifter) (D:15)
  A phantom (D:6)
  7 necrophages
  4 starcursed masses (Abyss:3)
  30 wolves
  8 boggarts
  2 eyes of draining
  10 centaurs
  20 ogres
  9 crocodiles
  5 big kobolds
  17 bullfrogs
  Dowan (D:5)
  2 earth elementals (Elf:1)
  A water moccasin zombie (D:8)
  6 scorpions
  A water moccasin skeleton (D:5)
  22 killer bees
  4 electric eels
  9 wights
  3 howler monkeys (D:8)
  2 lava snakes (Lair:2)
  3 centaur zombies
  9 crimson imps
  9 hounds
  A quasit (D:7)
  2 bullfrog zombies
  2 jellies
  16 orc priests
  Ijyb (D:3)
  5 iron imps (D:12)
  Terence (D:2)
  3 iguanas
  43 orc wizards
  9 worker ants
  An ogre skeleton (Lab)
  A hound skeleton (D:9)
  A worker ant zombie (D:11)
  10 gnolls
  8 adders
  2 shadow imps
  An ooze (D:3)
  3 adder skeletons
  4 worms
  10 leopard geckos
  106 orcs
  A ball python (D:4)
  7 bats
  4 giant cockroaches
  5 goblins
  6 hobgoblins
  15 jackals
  4 quokkas
  3 frilled lizards
  A jackal zombie (D:5)
  22 kobolds
  5 rats
  2 crawling corpses (Elf:3)
  A starspawn tentacle (Abyss:3)
1399 creatures vanquished.

Vanquished Creatures (others)
  An air elemental (Elf:1)
  A spriggan (D:7)
  A black bear (D:15)
  An ice beast (D:7)
  A scorpion (D:7)
  A jelly (D:7)
  An orc priest (D:7)
  An orc wizard (Orc:2)
  4 orcs
  A leopard gecko zombie (D:7)
  A briar patch (Swamp:4)
  2 fungi (Lair:6)
  6 plants
  2 starspawn tentacles (Abyss:3)
24 creatures vanquished.

Grand Total: 1423 creatures vanquished

Notes
Turn   | Place    | Note
-------+----------+-------------------------------------------
     0 | D:1      | 4thArraOfDagon the Vampire Earth Elementalist began the quest for the Orb.
     0 | D:1      | Reached XP level 1. HP: 13/13 MP: 3/3
    43 | D:2      | Noticed Terence
   186 | D:2      | Reached XP level 2. HP: 18/19 MP: 5/5
   308 | D:2      | Reached skill level 4 in Earth Magic
   319 | D:2      | Reached XP level 3. HP: 24/24 MP: 3/6
   654 | D:3      | Reached skill level 1 in Fighting
   797 | D:3      | Noticed Ijyb
   878 | D:3      | Reached XP level 4. HP: 17/32 MP: 3/7
   911 | D:3      | Learned a level 2 spell: Passwall
  1169 | D:4      | Noticed a bullfrog
  1177 | D:4      | Killed a bullfrog
  1177 | D:4      | Reached XP level 5. HP: 29/38 MP: 6/8
  1242 | D:5      | Entered Level 5 of the Dungeon
  1267 | D:5      | Found Horuorej's Distillery.
  1272 | D:5      | Bought a potion of lignification for 45 gold pieces
  1272 | D:5      | Bought a potion of heal wounds for 75 gold pieces
  1272 | D:5      | Bought a potion of degeneration for 15 gold pieces
  1278 | D:5      | Noticed an ice beast
  1283 | D:5      | Killed an ice beast
  1298 | D:5      | Noticed an ogre
  1307 | D:5      | Killed an ogre
  1307 | D:5      | Reached XP level 6. HP: 46/47 MP: 4/9
  1313 | D:5      | Noticed an ice beast
  1344 | D:5      | Found Pemeselo's Book Shop.
  1357 | D:5      | Learned a level 5 spell: Lee's Rapid Deconstruction
  1389 | D:5      | Reached skill level 5 in Dodging
  1427 | D:5      | Found Jariluov's Jewellery Shop.
  1458 | D:5      | Reached skill level 5 in Earth Magic
  1503 | D:7      | Noticed Pikel
  1503 | D:7      | Noticed a slave
  1503 | D:7      | Noticed a slave
  1503 | D:7      | Noticed a slave
  1503 | D:7      | Noticed a slave
  1546 | D:6      | Reached skill level 1 in Evocations
  1546 | D:6      | Reached XP level 7. HP: 52/52 MP: 10/10
  1591 | D:6      | Found a staircase to the Ecumenical Temple.
  1600 | Temple   | Entered the Ecumenical Temple
  1625 | Temple   | Became a worshipper of Sif Muna the Loreminder
  1922 | D:5      | Reached skill level 1 in Invocations
  1961 | D:5      | Reached skill level 6 in Earth Magic
  1979 | D:5      | Reached XP level 8. HP: 39/58 MP: 1/11
  2103 | D:4      | Reached * piety under Sif Muna
  2180 | D:3      | Killed Ijyb
  2267 | D:2      | Killed Terence
  2586 | D:1      | Reached skill level 7 in Earth Magic
  3288 | D:4      | Learned a level 3 spell: Stone Arrow
  3788 | D:5      | Found Raizikyl's Assorted Antiques.
  3791 | D:5      | Bought a scroll labeled FUOMEU ROOPUUFF for 25 gold pieces
  3791 | D:5      | Bought a grey potion for 22 gold pieces
  3791 | D:5      | Bought a scroll labeled XUG BEASTRASUL for 25 gold pieces
  3791 | D:5      | Bought a scroll labeled XUG BEASTRASUL for 25 gold pieces
  3898 | D:5      | Noticed Duvessa
  3915 | D:5      | Killed Duvessa
  3918 | D:5      | Noticed Dowan
  3922 | D:5      | Killed Dowan
  3941 | D:5      | Found Yvaxuq's Magic Scroll Shoppe.
  4099 | D:6      | Reached skill level 8 in Earth Magic
  4208 | D:6      | Reached ** piety under Sif Muna
  4265 | D:6      | Reached XP level 9. HP: 54/64 MP: 9/12
  4448 | D:7      | Killed Pikel
  4448 | D:7      | Reached skill level 9 in Earth Magic
  4517 | D:7      | Found Ufimuk's Magic Scroll Boutique.
  4624 | D:7      | You fall through a shaft!
  4625 | D:8      | Reached skill level 5 in Invocations
  4669 | D:8      | Reached skill level 10 in Earth Magic
  4765 | D:8      | Noticed Joseph
  4925 | D:8      | Reached *** piety under Sif Muna
  5020 | D:8      | Reached XP level 10. HP: 34/70 MP: 5/14
  5090 | D:8      | Found a glowing golden altar of the Shining One.
  5324 | D:7      | Reached skill level 11 in Earth Magic
  5745 | D:9      | Noticed a two-headed ogre
  5751 | D:9      | Killed a two-headed ogre
  5963 | D:9      | Found a radiant altar of Vehumet.
  5965 | D:9      | Found an ornate altar of the Wu Jian Council.
  5997 | D:9      | Identified the Papyrus of Black Arts
  6006 | D:10     | Entered Level 10 of the Dungeon
  6016 | D:10     | Found a shattered altar of Ashenzari.
  6239 | D:10     | Reached **** piety under Sif Muna
  6270 | D:10     | Got a slimy leather armour
  6281 | D:10     | Identified the cursed +0 leather armour of the Republic {Regen+} (You found it on level 10 of the Dungeon)
  6387 | D:12     | Reached skill level 12 in Earth Magic
  6481 | D:12     | Found a staircase to the Orcish Mines.
  6596 | D:12     | Noticed a rust devil
  6596 | D:12     | Noticed an orange demon
  6597 | D:12     | Found a one-way gate to the infinite horrors of the Abyss.
  6598 | D:12     | Noticed a rust devil
  6626 | D:12     | Noticed a centaur warrior
  6636 | D:12     | Killed a centaur warrior
  6636 | D:12     | Reached skill level 5 in Spellcasting
  6665 | D:12     | Reached XP level 11. HP: 72/74 MP: 11/18
  6844 | D:12     | Identified a scroll of acquirement
  6860 | D:12     | Noticed a sun demon
  6967 | D:13     | Noticed a deep troll
  7042 | D:13     | Found a labyrinth entrance.
  7050 | Lab      | Entered a labyrinth
  7616 | Lab      | Noticed a minotaur
  7692 | Lab      | Killed a minotaur
  7692 | Lab      | Reached skill level 13 in Earth Magic
  7710 | Lab      | Got a faintly glowing cloak
  7716 | Lab      | Identified the +1 cloak of the Hunter {Dex+6} (You found it in a labyrinth)
  7752 | Lab      | Got a heavily runed jade amulet
  7754 | Lab      | Identified the amulet of Nobility {Harm *Drain rC+ MR- SInv} (You acquired it in a labyrinth)
  7959 | D:14     | Noticed a brown ugly thing
  7967 | D:14     | Noticed a brown ugly thing
  7968 | D:14     | Killed a brown ugly thing
  7970 | D:14     | Noticed a brown ugly thing
  7977 | D:14     | Killed a brown ugly thing
  7978 | D:14     | Killed a green ugly thing
  8076 | D:15     | Entered Level 15 of the Dungeon
  8095 | D:15     | Noticed a two-headed ogre
  8188 | D:15     | Noticed a white ugly thing
  8237 | D:15     | Noticed a white ugly thing
  8238 | D:15     | Noticed a white ugly thing
  8258 | D:15     | Killed a white ugly thing
  8277 | D:15     | Noticed a two-headed ogre
  8285 | D:15     | Killed a two-headed ogre
  8287 | D:15     | Killed a white ugly thing
  8287 | D:15     | Reached skill level 14 in Earth Magic
  8287 | D:15     | Reached XP level 12. HP: 59/80 MP: 10/22
  8304 | D:15     | Killed a two-headed ogre
  8379 | D:15     | Reached ***** piety under Sif Muna
  8394 | D:15     | Found a frozen archway.
  8400 | IceCv    | Entered an ice cave
  8402 | IceCv    | Received a gift from Sif Muna
  8414 | IceCv    | Learned a level 9 spell: Shatter
  8599 | IceCv    | Noticed an ice dragon
  8609 | IceCv    | Learned a level 6 spell: Iron Shot
  8622 | IceCv    | Killed an ice dragon
  8630 | IceCv    | Noticed an ice dragon
  8636 | IceCv    | Killed an ice dragon
  8680 | IceCv    | Got a translucent ivory ring
  8698 | IceCv    | Identified the ring "Goafeam" {*Contam rElec rC+++ MR+ AC+1} (You found it in an ice cave)
  8875 | D:15     | Noticed Louise
  8966 | D:15     | Noticed a tengu warrior
  8967 | D:15     | Reached skill level 15 in Earth Magic
  8971 | D:15     | Killed a tengu warrior
  9050 | D:14     | Reached skill level 1 in Conjurations
  9475 | D:15     | Reached XP level 13. HP: 52/86 MP: 18/25
  9519 | D:15     | BLOAX: watch out
  9607 | D:15     | Found a staircase to the Depths.
  9839 | D:13     | Found a gate to the Vaults.
  9846 | D:13     | BLOAX: it's a vambire
  9852 | D:13     | Learned a level 2 spell: Blink
  9883 | D:13     | Found a glowing silver altar of Zin.
  9884 | D:13     | Found a runed door.
  9885 | D:13     | Noticed a daeva
  9893 | D:13     | Killed a daeva
  9984 | D:12     | BLOAX: you could grab the sword
  9984 | D:12     | BLOAX: and see if you can rebrand it
  9984 | D:12     | 4thArraOfDagon: yea
 10000 | D:13     | 4thArraOfDagon: didnt see you for a while
 10145 | D:11     | BLOAX: I'm just floating in purgatory.
 10274 | D:11     | Got a scorched plate armour
 10285 | D:11     | Identified the +1 plate armour "Apent" {rC+ Int+3} (You acquired it on level 11 of the Dungeon)
 10607 | D:10     | BLOAX: it's a thirsty vampire https://www.youtube.com/watch?v=nBFdvcF7auY
 10609 | D:10     | Noticed Grum
 10618 | D:10     | Killed Grum
 10706 | D:9      | 4thArraOfDagon: ohh good o'l times
 10786 | D:9      | 4thArraOfDagon: 've been playing with such emptiness but wait here comes bloax to enlighten the atmosphere haha
 10879 | D:9      | Identified Sif Muna's Volume of Evil and Summoning (Sif Muna gifted it to you on level 9 of the Dungeon)
 10879 | D:9      | Received a gift from Sif Muna
 10879 | D:9      | Reached skill level 10 in Invocations
 10916 | D:9      | Reached skill level 16 in Earth Magic
 11056 | D:9      | BLOAX: sometimes you just gotta pay a visit
 11103 | D:9      | Found a staircase to the Lair.
 11310 | Orc:1    | Entered Level 1 of the Orcish Mines
 11653 | Orc:2    | Entered Level 2 of the Orcish Mines
 11653 | Orc:2    | Noticed an ettin
 11658 | Orc:2    | Killed an ettin
 11725 | Orc:1    | Noticed a stone giant
 11732 | Orc:1    | Killed a stone giant
 11758 | Orc:1    | Found a roughly hewn altar of Beogh.
 11765 | Orc:1    | Noticed Urug
 11896 | Orc:1    | Killed Urug
 11962 | Orc:2    | Found a staircase to the Elven Halls.
 12225 | Orc:2    | Found Unow's Gadget Boutique.
 12225 | Orc:2    | Found Ranuumapa's Distillery.
 12277 | Orc:2    | Bought a potion of brilliance for 60 gold pieces
 12277 | Orc:2    | Bought a potion of might for 60 gold pieces
 12277 | Orc:2    | Bought a potion of magic for 120 gold pieces
 12277 | Orc:2    | Bought a potion of heal wounds for 75 gold pieces
 12277 | Orc:2    | Bought a potion of curing for 45 gold pieces
 12277 | Orc:2    | Bought a potion of agility for 60 gold pieces
 12305 | Orc:2    | Found a roughly hewn altar of Beogh.
 12323 | Orc:2    | Found Weufuoph's Weapon Emporium.
 12324 | Orc:2    | Found Ewefavocw's General Store.
 12332 | Orc:2    | Reached XP level 14. HP: 88/92 MP: 26/27
 12342 | Orc:2    | Received a gift from Sif Muna
 12351 | Orc:2    | Learned a level 3 spell: Regeneration
 12376 | Orc:2    | Bought a potion of haste for 110 gold pieces
 12419 | Orc:2    | Found a roughly hewn altar of Beogh.
 12557 | Elf:1    | Entered Level 1 of the Elven Halls
 12581 | Elf:1    | Reached skill level 10 in Spellcasting
 12581 | Elf:1    | Reached skill level 17 in Earth Magic
 12681 | Elf:3    | Entered Level 3 of the Elven Halls
 12773 | Elf:3    | Noticed a deep elf blademaster
 12780 | Elf:3    | Killed a deep elf blademaster
 12970 | Elf:1    | Noticed a deep elf sorcerer
 13034 | Elf:1    | Reached skill level 18 in Earth Magic
 13328 | Elf:1    | Killed a deep elf sorcerer
 13455 | Elf:1    | Identified Hyrr's Collected Works on Transmutation and the Entourage (Sif Muna gifted it to you on level 1 of the Elven Halls)
 13455 | Elf:1    | Received a gift from Sif Muna
 13455 | Elf:1    | Reached XP level 15. HP: 90/98 MP: 27/30
 13714 | Elf:2    | Found a portal to a secret trove of treasure.
 13861 | Elf:2    | Reached skill level 19 in Earth Magic
 13959 | Elf:2    | Found a runed gate.
 13959 | Elf:2    | Found a runed gate.
 13959 | Elf:2    | Found a runed gate.
 14306 | Elf:3    | Noticed a deep elf sorcerer
 14316 | Elf:3    | Killed a deep elf sorcerer
 14364 | Elf:3    | Noticed a deep elf sorcerer
 14369 | Elf:3    | Killed a deep elf sorcerer
 14371 | Elf:3    | Noticed a deep elf sorcerer
 14372 | Elf:3    | Noticed a deep elf sorcerer
 14373 | Elf:3    | Killed a deep elf sorcerer
 14374 | Elf:3    | Killed a deep elf sorcerer
 14374 | Elf:3    | Identified Sif Muna's Papyrus of Lethal Confrontation (Sif Muna gifted it to you on level 3 of the Elven Halls)
 14374 | Elf:3    | Received a gift from Sif Muna
 14377 | Elf:3    | Noticed a deep elf master archer
 14377 | Elf:3    | Reached skill level 20 in Earth Magic
 14380 | Elf:3    | Killed a deep elf master archer
 14381 | Elf:3    | Noticed a deep elf master archer
 14389 | Elf:3    | Killed a deep elf master archer
 14389 | Elf:3    | Reached XP level 16. HP: 7/104 MP: 22/32
 14484 | Elf:3    | Noticed a deep elf blademaster
 14515 | Elf:3    | BLOAX: watch out
 14515 | Elf:3    | BLOAX: it's dat boi
 14654 | Elf:3    | Killed a deep elf blademaster
 14660 | Elf:3    | Identified the ring "Qiwur" {Wiz MR+ Slay+3} (You took it off a deep elf mage on level 3 of the Elven Halls)
 14663 | Elf:3    | Got a steaming rapier {speed}
 14664 | Elf:3    | BLOAX: i guess that ring is alright
 14700 | Elf:3    | Identified the +2 pair of gloves of the Beekeeper {rElec rC+} (You found it on level 3 of the Elven Halls)
 14731 | Elf:3    | Identified Suciozxa's Almanac of the Arsonist
 14734 | Elf:3    | Identified Diexoti's Handbook of the Volcanoes and Aid
 14761 | Elf:3    | Got a scorched scale mail
 14772 | Elf:3    | Identified the +1 scale mail of the Cicada {rF+ rN+ Str+7 Int+2} (You found it on level 3 of the Elven Halls)
 14773 | Elf:3    | Identified the Catalogue of Summoning and the Arsonist
 14775 | Elf:3    | Identified the cursed +0 rapier of Gallantry {speed, rPois rN+ Dex+3} (You took it off a deep elf mage on level 3 of the Elven Halls)
 14917 | Elf:1    | Reached skill level 1 in Armour
 15251 | Elf:1    | Reached skill level 21 in Earth Magic
 15291 | Orc:2    | 4thArraOfDagon: going good
 15432 | Lair:1   | Entered Level 1 of the Lair of Beasts
 15434 | Lair:1   | BLOAX: 2.8k gold
 15440 | Lair:1   | BLOAX: 0 items to spend it on
 15441 | Lair:1   | BLOAX: : )
 15441 | Lair:1   | Killed Prince Ribbit
 15684 | Lair:2   | Got a bloodstained chain mail
 15695 | Lair:2   | Identified the +5 chain mail of Patterns {rElec rN+} (You found it on level 2 of the Lair of Beasts)
 15838 | Lair:3   | Received a gift from Sif Muna
 15852 | Lair:3   | BLOAX: sif gifts totally useless
 15853 | Lair:3   | BLOAX: FeelsGoodMan
 15959 | Lair:3   | Noticed Sonja
 15961 | Lair:3   | Killed Sonja
 16025 | Lair:1   | Found a radiant altar of Vehumet.
 16144 | Lair:3   | BLOAX: hey that's a nice hat just lying around
 16144 | Lair:3   | BLOAX: wonder who left it here
 16229 | Lair:3   | 4thArraOfDagon: probably
 16229 | Lair:3   | 4thArraOfDagon: an orthodox joe cocker fan
 16554 | Lair:5   | Found a dark tunnel.
 16562 | Volcano  | Entered a volcano
 16711 | Lair:6   | Entered Level 6 of the Lair of Beasts
 17012 | Lair:6   | Reached XP level 17. HP: 54/110 MP: 34/34
 17342 | Lair:6   | Identified Sif Muna's Papyrus of Calling and the Snowflakes (Sif Muna gifted it to you on level 6 of the Lair of Beasts)
 17342 | Lair:6   | Received a gift from Sif Muna
 17359 | Lair:5   | Found a runed door.
 17360 | Lair:5   | Found a viscous altar of Jiyva.
 17584 | Lair:4   | Found a staircase to the Swamp.
 17654 | Swamp:1  | Entered Level 1 of the Swamp
 17689 | Swamp:1  | Noticed Aizul
 17881 | Swamp:2  | Paralysed by a hornet for 1 turns
 18021 | Swamp:4  | Entered Level 4 of the Swamp
 18030 | Swamp:4  | Reached skill level 1 in Charms
 18034 | Swamp:4  | Reached skill level 1 in Necromancy
 18160 | Swamp:4  | Noticed Nikola
 18522 | Swamp:4  | Reached skill level 5 in Armour
 18648 | Swamp:4  | Reached skill level 22 in Earth Magic
 18894 | Swamp:4  | Identified Sif Muna's Incunabulum of Moulding and Bewitchment (Sif Muna gifted it to you on level 4 of the Swamp)
 18894 | Swamp:4  | Received a gift from Sif Muna
 18970 | Swamp:4  | Got a decaying rune of Zot
 18972 | Swamp:4  | BLOAX: well i gotta go die of sleep now
 18985 | Swamp:4  | BLOAX: https://www.youtube.com/watch?v=7NuaK29J1fM here's something to keep you from dying of boredom
 18987 | Swamp:4  | 4thArraOfDagon: peace
 18995 | Swamp:4  | Killed Nikola
 19239 | Swamp:1  | Killed Aizul
 19438 | Lair:3   | Found a staircase to the Snake Pit.
 19447 | Snake:1  | Entered Level 1 of the Snake Pit
 19777 | Snake:2  | Reached XP level 18. HP: 77/116 MP: 25/36
 20036 | Snake:3  | Identified Sif Muna's Volume of Unholy Secrets (Sif Muna gifted it to you on level 3 of the Snake Pit)
 20036 | Snake:3  | Received a gift from Sif Muna
 20040 | Snake:3  | Learned a level 2 spell: Sublimation of Blood
 20098 | Snake:3  | Found a glowing silver altar of Zin.
 20166 | Snake:3  | Found Zydyasay's Weapon Shoppe.
 20344 | Snake:3  | Noticed Roxanne
 20348 | Snake:3  | Killed Roxanne
 20365 | Snake:3  | Noticed Azrael
 20370 | Snake:3  | Killed Azrael
 20372 | Snake:4  | Entered Level 4 of the Snake Pit
 20513 | Snake:4  | Reached skill level 15 in Spellcasting
 20677 | Snake:4  | Found Vadoej's Antique Weapon Boutique.
 20760 | Snake:4  | Reached skill level 23 in Earth Magic
 20763 | Snake:4  | Identified Sif Muna's Catalogue of Destructive Enchantment (Sif Muna gifted it to you on level 4 of the Snake Pit)
 20763 | Snake:4  | Received a gift from Sif Muna
 20844 | Snake:4  | Got a serpentine rune of Zot
 21208 | Vaults:1 | Entered Level 1 of the Vaults
 21429 | Vaults:1 | Found Zeigyeh's Weapon Boutique.
 21446 | Vaults:1 | Found Buwomail's Assorted Antiques.
 21513 | Vaults:1 | Reached XP level 19. HP: 103/121 MP: 38/38
 21516 | Vaults:1 | Paralysed by a hornet for 3 turns
 21586 | Vaults:1 | Found Nupsiss's Assorted Antiques.
 22029 | Vaults:3 | Identified Sif Muna's Papyrus of Damage Dealing (Sif Muna gifted it to you on level 3 of the Vaults)
 22029 | Vaults:3 | Received a gift from Sif Muna
 22379 | Vaults:3 | Found a staircase to the Crypt.
 22445 | Vaults:3 | Reached skill level 10 in Armour
 22447 | Vaults:3 | Reached skill level 24 in Earth Magic
 23042 | Vaults:4 | Reached XP level 20. HP: 126/127 MP: 35/40
 23305 | Vaults:5 | Entered Level 5 of the Vaults
 23316 | Vaults:4 | Received a gift from Sif Muna
 23718 | Vaults:5 | Noticed a golden dragon
 23798 | Vaults:5 | Noticed Frederick
 23799 | Vaults:5 | Reached skill level 25 in Earth Magic
 23805 | Vaults:5 | Killed Frederick
 23805 | Vaults:5 | Reached skill level 5 in Necromancy
 23816 | Vaults:5 | Received a gift from Sif Muna
 23816 | Vaults:5 | Found Katinan's Jewellery Emporium.
 23828 | Vaults:5 | Cast into level 3 of the Abyss (a deep elf sorcerer)
 24241 | Vaults:5 | Escaped the Abyss
 24243 | Vaults:5 | Reached XP level 21. HP: 92/134 MP: 32/42
 24290 | Vaults:5 | Learned a level 1 spell: Apportation
 24302 | Vaults:5 | Slain by a storm dragon

Vault maps used:
D:1:      lightli_iron_boxes, minmay_misc_feat_columns
D:2:      moated_statue, uniq_terence
D:3:      first_bread, uniq_ijyb
D:5:      serial_shops, shop, nicolae_shop_behind_doors, kennysheep_little_box,
          nicolae_shop_crystal, shop_statue, grunt_decor_mini_mirrors,
          uniq_duvessa
D:6:      minmay_temple_entry_poolview, kennysheep_generic_room_13
D:7:      serial_shops, shop, minmay_stone_trees_small, the_bakery,
          minmay_misc_feat_chi, fedhas_altar_decomposition, uniq_pikel
D:8:      kennysheep_mini, kennysheep_ying_yang, uniq_joseph
D:9:      nicolae_overflow_hidden_temple, erik_lair_island,
          kennysheep_minor_cross, minmay_variable_closet, minmay_diamond_spiral
D:10:     basic_altar, uniq_grum
D:12:     david_orc_3, lemuel_hellish_altar
D:13:     david_vaults_4, lab_entry_generic, lemuel_angel_altar
D:14:     nicolae_ru_path_of_blood, evilmike_butchery
D:15:     gammafunk_enter_depths_forms, minmay_crystal_water,
          portal_ice_cave_entry_pillars_2, minivault_14, uniq_louise
Temple:   minmay_crystal_spiral_temple
Lair:1:   basic_altar, uniq_prince_ribbit2
Lair:2:   lemuel_fruit_tree
Lair:3:   beast_lair_carwin_large_1, guppyfry_snake_entry_garden, st_stairs_5,
          fungi_pond_lemuel, roderic_carrion_pond, uniq_sonja
Lair:4:   nicolae_swamp_entry_splash_gauntlet
Lair:5:   slime_altar_2, lightli_volcano_entry_magma_tube
Lair:6:   minmay_lair_end_enchanted_forest, special_room, minmay_hedge_maze,
          serial_bayou_shore_b
Swamp:1:  evilmike_swamp_ruin_rubble_2, uniq_aizul
Swamp:2:  evilmike_swamp_ruin_rubble_1
Swamp:3:  evilmike_swamp_ruin_house_2
Swamp:4:  swamp_alternative, uniq_nikola
Snake:2:  nicolae_large_snake_swirl
Snake:3:  basic_altar, serial_shops, shop, uniq_roxanne, uniq_azrael
Snake:4:  snake_pit, serial_shops, shop, special_room, stair_cage_line
Orc:1:    basic_altar, uniq_urug
Orc:2:    st_orc_town, basic_altar
Elf:1:    serial_aquarium, aquarium_bridge_square, aquarium_bridge_square,
          aquarium_window_2, aquarium_window_2, aquarium_view_2d, orc_legates,
          onia_ninara_cookie
Elf:2:    nicolae_trove_entry_columns, einodemon_armed_red_devil_minivault
Elf:3:    elf_hall
Vaults:1: v_pattern_2, nicolae_vaults_windows_and_doors_thing, vaults_mumra_hex,
          st_cells, hangedman_vaults_cutoff, ontoclasm_vaults_ring_large,
          grunt_vaults_funnel, vaults_room_grunt_arrival_ludios,
          vaults_dpeg_diagonal, vaults_dpeg_ring, vaults_dpeg_hooks,
          serial_shops, nicolae_shop_stone, shop,
          nicolae_shop_overgrown_old_shop
Vaults:2: nicolae_vaults_network_square, v_misc_29, hangedman_vaults_restitches,
          vaults_room_fancy_cross, v_pattern_1, ontoclasm_vaults_tryst,
          nicolae_vaults_network_quinsquares, nicolae_vaults_theta,
          serial_shops, nicolae_shop_waterfront, uniq_jorgrun
Vaults:3: nicolae_vaults_mini_display_case, minmay_crypt_entry_vampire_xt,
          nicolae_vaults_know_your_exits, grunt_vaults_focal, v_alt_pattern_4,
          vaults_room_grid, ontoclasm_vaults_shuriken,
          ontoclasm_vaults_ring_square, ontoclasm_vaults_ring_small,
          nicolae_vaults_yaktaur_gun_rack, nicolae_vaults_alarming,
          vaults_mumra_minichess_inversion
Vaults:4: v_misc_13, vaults_room_semicircle, nicolae_vaults_big_angled_halls,
          nicolae_vaults_little_squares_3, nicolae_vaults_branching_niches,
          vaults_mumra_chevron_long, v_pattern_5, vaults_room_door_ring,
          nicolae_vaults_little_ls, nicolae_vaults_ring_of_whatevers
Vaults:5: uniq_frederick
Abyss:3:  evilmike_abyss_rune_elephants_shrine
Lab:      labyrinth_watery, nicolae_lab_swirl
IceCv:    ice_cave_small_dragons
Volcano:  volcano_pools

Skill      XL: |  1  2  3  4  5  6  7  8  9 10 11 12 13 14 15 16 17 18 19 20 21 |
---------------+----------------------------------------------------------------+-----
Earth Magic    | 4 5 6 8 10 12 14 15 16 18 20 21 22 23 24 25 | 25.2
Fighting       | 1 2 3 4 |  4.7
Dodging        | 3 4 5 7 |  7.4
Evocations     | 1 3 |  3.1
Invocations    | 2 4 5 7 8 9 10 | 10.2
Spellcasting   | 5 6 8 9 11 12 13 14 15 16 17 | 17.0
Conjurations   | 2 3 |  3.4
Armour         | 3 6 8 10 | 10.1
Charms         | 2 |  2.2
Necromancy     | 2 7 |  7.3
Stealth        | |  3.0
Transmutations | |  1.1

Action                   |  1- 3 |  4- 6 |  7- 9 | 10-12 | 13-15 | 16-18 | 19-21 || total
-------------------------+-------+-------+-------+-------+-------+-------+-------++-------
Melee: Short sword       |    55 |    52 |   288 |   195 |    91 |       |       ||   681
       Bite              |     4 |     4 |    24 |    18 |    10 |       |       ||    60
       Staff             |       |       |       |       |    11 |       |       ||    11
 Cast: Sandblast         |    11 |    19 |   106 |   171 |   111 |   323 |    23 ||   764
       Stone Arrow       |       |       |     1 |    20 |   132 |   160 |       ||   313
       Lee's Rapid Decon |       |       |     7 |   119 |   201 |    76 |   150 ||   553
       Iron Shot         |       |       |       |     7 |    48 |   278 |    85 ||   418
       Shatter           |       |       |       |       |     2 |    37 |    43 ||    82
       Regeneration      |       |       |       |       |       |    60 |    26 ||    86
       Sublimation of Bl |       |       |       |       |       |     4 |       ||     4
       Blink             |       |       |       |       |       |       |     6 ||     6
Invok: Divine Energy     |       |       |     1 |       |       |       |       ||     1
       Channel Magic     |       |       |     1 |    17 |    23 |    24 |    18 ||    83
Evoke: Wand              |       |     1 |    10 |    12 |    10 |     4 |       ||    37
  Use: Scroll            |       |     8 |     2 |    20 |     7 |    25 |     8 ||    70
       Potion            |       |     2 |     1 |     8 |     9 |    19 |    17 ||    56
 Stab: Sleeping          |     3 |     2 |     9 |     1 |     1 |       |       ||    16
  Eat: Corpse            |     8 |     3 |    19 |    30 |    66 |    85 |    27 ||   238
Armor: Robe              |    14 |     4 |    51 |    24 |       |       |       ||    93
       Leather armour    |       |       |       |    46 |    80 |     5 |       ||   131
       Scale mail        |       |       |       |       |       |   241 |    82 ||   323
Dodge: Dodged            |    65 |    52 |   279 |   230 |   199 |   321 |    75 ||  1221
